 Seeded DCSS version 0.30.0-3-ga4e48a9924 (webtiles) character file.

Game seed: 1779060243905392848 (custom seed)

171 hikkokomori the Shield-Bearer (level 5, 0/46 HPs)
             Began as a Demigod Fighter on May 7, 2023.
             Slain by a gnoll
             ... wielding a +2 halberd of venom
             ... led by a gnoll bouda
              (6 damage)
             ... on level 4 of the Dungeon.
             The game lasted 00:03:30 (2325 turns).

hikkokomori the Shield-Bearer (Demigod Fighter)     Turns: 2325, Time: 00:03:31

Health: 0/46       AC: 10    Str: 21    XL:     5   Next: 5%
Magic:  7/7        EV:  7    Int: 10    God:
Gold:   202        SH:  5    Dex: 13    Spells: 4/4 levels left

rFire   . . .        a - +0 war axe
rCold   . . .        c - +0 buckler
rNeg    . . .        f - +0 chain mail
rPois   .            (no helmet)
rElec   .            (no cloak)
rCorr   .            (no gloves)
SInv    +            l - +0 pair of boots
Will    .....        (no amulet) Stlth
                     k - ring of see invisible
HPRegen 0.27/turn    (no ring)
MPRegen 0.10/turn

%: no passive effects
@: no status effects
A: high MP 1, forlorn, divine attributes
a: no special abilities


You were on level 4 of the Dungeon.
You visited 1 branch of the dungeon, and saw 4 of its levels.

You collected 202 gold pieces.

Inventory:

Hand Weapons
 a - a +0 war axe (weapon)
Armour
 b - a +0 scale mail
 c - a +0 buckler (worn)
 f - a +0 chain mail (worn)
 l - a +0 pair of boots (worn)
Jewellery
 k - a ring of see invisible (left hand)
Scrolls
 e - 2 scrolls of silence {unknown}
 h - a scroll of amnesia {unknown}
 j - a scroll of teleportation
 m - a scroll of immolation {unknown}
 p - a scroll of fear {unknown}
 s - a scroll of enchant weapon {unknown}
 u - a scroll of torment {unknown}
 v - 2 scrolls of identify
 w - a scroll of vulnerability {unknown}
 x - a scroll of blinking {unknown}
 y - a scroll of noise {unknown}
Potions
 d - a potion of might
 g - 3 potions of flight
 i - a potion of attraction {unknown}
 n - a potion of heal wounds
 o - 2 potions of cancellation
 r - a potion of berserk rage {unknown}
 t - 2 potions of brilliance


   Skills:
 + Level 3.8 Fighting
 + Level 3.2 Axes
 - Level 2.7 Armour
 + Level 3.8 Shields


You had 4 spell levels left.
You didn't know any spells.
Your spell library contained the following spells:

 Spells                   Type           Power      Damage    Failure   Level
 Shock                    Conj/Air       0%         1d3       98%         1
 Swiftness                Air            0%         N/A       100%        3
 Airstrike                Air            0%         2d(0-16)  100%        4


Dungeon Overview and Level Annotations

Branches:
Dungeon (4/15)
 Temple: D:4-7

Shops:
D:3 [   D:4 :


Innate Abilities, Weirdness & Mutations

You have an increased reservoir of magic. (+10% MP)
You shall have no god before yourself.
Your divine heritage dramatically boosts your attributes as you level up.


Message History

The gnoll barely misses you.
You hit the gnoll.
You kill the gnoll!
You have reached level 5!
You climb downwards.
There is a stone staircase leading up here.
You have nothing you can fire or use right now.
You don't know any spells.
Unknown command.
The gnoll hits you from afar with a +2 halberd of venom.
You are poisoned.
You feel very sick. The gnoll hits you but does no damage.
You are more poisoned.
You hit the gnoll.
The gnoll is moderately wounded.
You feel very sick.
The gnoll hits you but does no damage. x2
You are more poisoned.
You barely miss the gnoll.
The gnoll is moderately wounded.
You feel extremely sick. You block the gnoll's attack.
You completely miss the gnoll.
The gnoll is moderately wounded.
You feel very sick. The gnoll barely misses you.
You slash the gnoll!
The gnoll is severely wounded.
You feel very sick. The gnoll closely misses you.
The gnoll hits you but does no damage.
You are more poisoned.
You closely miss the gnoll.
The gnoll is severely wounded.
You feel very sick.
The gnoll hits you with a +2 halberd of venom!
* * * LOW HITPOINT WARNING * * *
You feel better.
The gnoll hits you with a +2 halberd of venom.
You die...

........g##......#.#.^.# ##.##
........).#.....#.♣.#..######....
.......†......#..#.#.......##....
#.##.####...####.###.............
#....#......................[....
...###.....######...........<....
... #...#... ##..#.<........)..
.. #...#...###...#.........[...
.. #..........@#.#............. #
...........g...#.............
##....#........[........[[)...
##...#....##............<....
........##......#####...##.
................# ###.#..
#....#).....#.# ....#
#.###.........#.# ....# #.
####......... .###.#


You could see a gnoll.

Vanquished Creatures
  An orc priest (D:4)
  2 orc wizards (D:4)
  2 adders
  A gnoll (D:3)
  A worm (D:4)
  5 orcs
  5 ball pythons
  3 bats
  5 endoplasms
  A giant cockroach (D:4)
  6 goblins
  9 hobgoblins
  5 frilled lizards
  8 kobolds
  6 rats
60 creatures vanquished.

Vanquished Creatures (others)
  A quokka (D:4)
1 creature vanquished.

Grand Total: 61 creatures vanquished

Notes
Turn   | Place    | Note
-------+----------+-------------------------------------------
     0 | D:1      | hikkokomori the Demigod Fighter began the quest for the
                  | Orb.
     0 | D:1      | Reached XP level 1. HP: 18/18 MP: 3/3
   766 | D:2      | Reached XP level 2. HP: 25/25 MP: 4/4
  1393 | D:3      | Reached XP level 3. HP: 29/31 MP: 5/5
  1664 | D:3      | Found Maeh's Antique Armour Boutique.
  1930 | D:4      | Reached XP level 4. HP: 22/38 MP: 6/6
  2095 | D:4      | Noticed an ice beast
  2146 | D:4      | Found Ydawoarr's Book Boutique.
  2312 | D:3      | Reached XP level 5. HP: 46/46 MP: 7/7
  2324 | D:4      | HP: 1/46 [gnoll/+2 halberd of venom[a gnoll bouda] (15)]
  2325 | D:4      | Slain by a gnoll

Illustrated notes

Levels and vault maps discovered:
D:1:      minmay_arrival_jagged, layout_loops_ring
D:2:      layout_loops_ring, basic_ecumenical_altar, minmay_pentomino_q2
D:3:      layout_basic, minitemple, serial_shops, shop_statue,
          minmay_randomly_rotated_circles
D:4:      layout_rooms, mainiacjoe_overflow_alcove_1,
          nicolae_tso_swordbearing_angel, serial_shops, shop,
          grunt_decor_one_mirror

Skill      XL: |  1  2  3  4 |
---------------+-------------+-----
Axes           | 2 3 |  3.2
Fighting       | 3 |  3.8
Shields        | 3 |  3.8
Armour         | |  2.7

Action                     |  1- 3 |  4- 6 || total
---------------------------+-------+-------++-------
  Melee: War axe           |   127 |    53 ||   180
    Use: Scroll            |       |     6 ||     6
         Potion            |       |     2 ||     2
 Armour: Chain mail        |    79 |    35 ||   114
  Dodge: Dodged            |    54 |    20 ||    74
  Block: Buckler           |    31 |    15 ||    46
